 Dungeon Crawl Stone Soup version 0.31-a0-102-g33a4ccc0cb (webtiles) character file.

Game seed: 4336773212482145404

8 sanka the Gusty (level 1, -1/14 HPs)
             Began as a Demigod Air Elementalist on May 26, 2023.
             Succumbed to a goblin's poison
             ... on level 1 of the Dungeon.
             The game lasted 00:01:12 (543 turns).

sanka the Gusty (Demigod Air Elementalist)           Turns: 543, Time: 00:01:13

Health: -1/14      AC:  7    Str:  9    XL:     1   Next: 80%
Magic:  5/5        EV: 10    Int: 17    God:
Gold:   22         SH:  0    Dex: 14    Spells: 3/4 levels left

rFire   . . .        c - +0 dagger
rCold   . . .        (no shield)
rNeg    . . .        f - +2 ring mail {Will+}
rPois   .            (no helmet)
rElec   .            e - scarf {repulsion}
rCorr   .            (no gloves)
SInv    .            (no boots)
Will    +....        (no amulet)
Stlth   +            (no ring)
HPRegen 0.22/turn    (no ring)
MPRegen 0.09/turn

%: repel missiles
@: lethally poisoned (-1 -> -23)
A: high MP 1, forlorn, divine attributes
a: no special abilities


You were on level 1 of the Dungeon.
You visited 1 branch of the dungeon, and saw 1 of its levels.

You collected 22 gold pieces.


Innate Abilities, Weirdness & Mutations

You have an increased reservoir of magic. (+10% MP)
You shall have no god before yourself.
Your divine heritage dramatically boosts your attributes as you level up.


   Skills:
 - Level 1.7 Dodging
 - Level 1.7 Stealth
 - Level 2.0 Spellcasting
 + Level 1.6 Conjurations
 - Level 2.6 Air Magic


You had 3 spell levels left.
You knew the following spells:

 Your Spells              Type           Power      Damage    Failure   Level
z - Shock                 Conj/Air       32%        1d5       26%         1

Your spell library contained the following spells:

 Spells                   Type           Power      Damage    Failure   Level
 Static Discharge         Conj/Air       16%        2-3/arc   36%         2
 Swiftness                Air            10%        N/A       47%         3
 Airstrike                Air            5%         2d(1-17)  87%         4

Inventory:

Hand Weapons
 c - a +0 dagger (weapon)
Armour
 a - a +0 robe
 e - a scarf of repulsion (worn)
 f - a +2 ring mail of willpower (worn)
Potions
 b - a potion of magic
 d - a potion of attraction {unknown}

Dungeon Overview and Level Annotations

Branches:
Dungeon (1/15)

▒▒▒▒▒......... ..▒ ▒
▒▒........ ..▒
▒▒▒▒▒▒........ ..▒▒▒▒▒..
..........▒... ▒.▒.....
..........+... .......
.......▒▒▒▒ . ▒.....
.......▒ ▒.▒..▒▒▒▒
.......▒▒ ▒.▒.....▒
........▒ ▒p▒g....▒▒
▒▒▒.....▒▒▒▒+▒▒▒.........
▒▒▒..............▒w▒...▒▒
.▒▒..............+.r. .▒
.▒▒.▒+▒▒.........▒.....
.......+.........+.....▒
.......▒....▒▒▒▒▒▒.....▒
▒▒▒....▒....▒ ▒▒▒▒... ▒
▒....▒▒▒▒▒▒ ...


You could see a dart slug and a quokka.


Message History

e - a scarf of repulsion You finish putting on your scarf of repulsion.
You are surrounded by a repulsion field.
You see here a +2 ring mail of willpower.
f - a +2 ring mail of willpower You finish taking off your +0 robe.
You finish putting on your +2 ring mail of willpower.
You feel strong-willed.
Unknown command.
Unknown command.
A goblin and a dart slug come into view.
The goblin is wielding a +2 dagger of venom.
The goblin shouts!
A quokka comes into view.
The dart slug launches a dart at you. The slug dart misses you.
The dart slug launches a dart at you.
The slug dart is repelled.
The goblin hits you but does no damage.
You closely miss the goblin.
The goblin hits you with a +2 dagger of venom.
You are lethally poisoned!
The dart slug briefly extends its eye-stalks.
The dart slug launches a dart at you. The slug dart misses you.
The goblin attacks as you move away!
The goblin hits you with a +2 dagger of venom.
* * * LOW HITPOINT WARNING * * *
You are more poisoned.
You die...

Action                     || total
---------------------------++-------
  Melee: Dagger            ||     3
         Unarmed           ||     2
   Cast: Shock             ||    14
 Armour: Robe              ||     3
         Ring mail         ||     1
  Dodge: Dodged            ||     9
         Repelled          ||     1

Levels and vault maps discovered:
D:1:      ncdulo_halloftheorcs, layout_basic, st_stairs_9

Notes
Turn   | Place    | Note
-------+----------+-------------------------------------------
     0 | D:1      | sanka the Demigod Air Elementalist began the quest for the
                  | Orb.
     0 | D:1      | Reached XP level 1. HP: 14/14 MP: 5/5
    44 | D:1      | Reached skill level 1 in Conjurations
   152 | D:1      | Reached skill level 2 in Spellcasting
   543 | D:1      | Succumbed to a goblin's poison

Vanquished Creatures
  A ball python (D:1)
  A hobgoblin (D:1)
  2 kobolds (D:1)
  A quokka (D:1)
  A bat (D:1)
  A rat (D:1)
7 creatures vanquished.
